 Dungeon Crawl Stone Soup version 0.20.1-1-g8b1a95d (webtiles) character file.

66 Monsterracer the Vexing (level 3, -4/14 HPs)
             Began as a Felid Enchanter on Oct 16, 2017.
             Slain by kalagan's ghost (12 damage)
             ... on level 3 of the Dungeon on Oct 17, 2017.
             The game lasted 00:06:44 (3022 turns).

Monsterracer the Vexing (Felid Enchanter)           Turns: 3022, Time: 00:06:44

Health: -4/14      AC:  1    Str:  4    XL:     3   Next: 96%
Magic:  7/7        EV: 18    Int: 17    God:
Gold:   133        SH:  0    Dex: 16    Spells: 0/6 levels left
                                        Lives:  0   Deaths: 0

rFire    . . .     SeeInvis +     - Unarmed
rCold    . . .     Gourm    .   (shield unavailable)
rNeg     . . .     Faith    .   (armour unavailable)
rPois    .         Spirit   .   (helmet unavailable)
rElec    .         Reflect  .   (cloak unavailable)
rCorr    .         Harm     .   (gloves unavailable)
MR       .....                  (boots unavailable)
Stlth    +++.......             j - amulet of regeneration
Regen    0.5/turn               (no ring)
MPRegen  0.1/turn               (no ring)

@: quick
A: no armour, no weapons or thrown items, stealth, claws 1, fangs 3, see
invisible, carnivore 3, speed 1, shaggy fur 1, slow metabolism 1, sharp paws
a: no special abilities


You were on level 3 of the Dungeon.
You were very full.

You visited 1 branch of the dungeon, and saw 3 of its levels.

You collected 133 gold pieces.

Inventory:

Jewellery
 j - an amulet of regeneration (around neck)
Scrolls
 d - a scroll of remove curse {unknown}
 f - a scroll of random uselessness {unknown}
 g - 3 scrolls of identify {unknown}
 h - a scroll of fear {unknown}
 l - a scroll of enchant weapon {unknown}
Potions
 c - a potion of brilliance {unknown}
 e - a potion of resistance {unknown}
 i - a potion of degeneration {unknown}
Books
 a - a book of Maledictions

   Spells                             Type                      Level
   a - Corona                         Hexes                        1
   b - Ensorcelled Hibernation        Hexes/Ice                    2
   c - Confuse                        Hexes                        3
   d - Tukima's Dance                 Hexes                        3
   e - Dazzling Spray                 Conjuration/Hexes            3
Comestibles
 b - 2 meat rations


   Skills:
 - Level 2.9 Dodging
 + Level 4.8 Stealth
 * Level 2.7 Unarmed Combat
 - Level 2.0 Spellcasting
 + Level 5.1 Hexes


You couldn't memorise any spells.
You knew the following spells:

 Your Spells              Type           Power        Failure   Level  Hunger
a - Corona                Hex            ###....      2%          1    #......
b - Ensorcelled Hibernat  Hex/Ice        ##....       10%         2    ###....
c - Confuse               Hex            ###.....     7%          3    ###....


Dungeon Overview and Level Annotations

Branches:
Dungeon (3/15)

Altars:
Hepliaklqana

Annotations:
D:2 2 transporters
D:3 kalagan's ghost, amateur GrFi


Innate Abilities, Weirdness & Mutations

You cannot wear armour.
You are incapable of wielding weapons or throwing items.
Your paws allow you to move quietly. (Stealth)
You have sharp claws.
You have razor-sharp teeth.
You have supernaturally acute eyesight. (SInv)
You are carnivorous and can eat meat at any time.
You cover ground quickly.
You are covered in fur. (AC +1)
You have a slow metabolism.
Your sharp claws are effective at attacking unaware monsters.


Message History

Press: ? - help, Shift-Dir - straight line, f/p - kalagan's ghost
Aim: kalagan's ghost (chance to defeat MR: 37%) Kalagan's ghost resists with some effort.
* * * LOW MAGIC WARNING * * *
There is a stone staircase leading up here.
You climb upwards.
Level annotation: 2 transporters
There is a stone staircase leading down, spattered with blood here.
You start resting.
An ooze comes into view.
The ooze closely misses you.
You barely miss the ooze. You bite the ooze.
The ooze is lightly wounded.
The ooze misses you.
You scratch the ooze. You bite the ooze.
The ooze is heavily wounded.
The ooze completely misses you.
You barely miss the ooze.
The ooze is heavily wounded.
You scratch the ooze.
You kill the ooze!
No target in view!
There is a stone staircase leading down, spattered with blood here.
You start resting.
Magic restored.
You climb downwards.
Level annotation: kalagan's ghost, amateur GrFi Kalagan's ghost hits you.
Kalagan's ghost hits you!
Ouch! That really hurt!
You die...

##### ##....
###..###
###########......#
#...[..<..........
#.#########.##.#.#
#.# #####%..(#.#
#@#####......###.#
#W....'......'...#
###.#####......#####
#..............'....
#>.............####.
#.#.####.#####....#.
#...# #.# #.##+#+
##### #.## #.#
###..####.#


You could see kalagan's ghost.

Vanquished Creatures
  An adder (D:2)
  An ooze (D:2)
  A worm (D:3)
  2 dart slugs
  2 leopard geckos
  An orc (D:2)
  6 bats
  7 goblins
  7 hobgoblins
  3 frilled lizards
  5 kobolds (D:1)
  6 rats
42 creatures vanquished.

Notes
Turn   | Place    | Note
-------+----------+-------------------------------------------
     0 | D:1      | Monsterracer the Felid Enchanter began the quest for the Orb.
     0 | D:1      | Reached XP level 1. HP: 7/7 MP: 4/4
   356 | D:1      | HP: 2/7 [hobgoblin (2)]
   480 | D:1      | Reached XP level 2. HP: 7/11 MP: 4/6
   484 | D:1      | Learned a level 2 spell: Ensorcelled Hibernation
   787 | D:1      | HP: 4/11 [hobgoblin/club (4)]
  1293 | D:1      | HP: 3/11 [dart slug/slug dart (3)]
  1845 | D:2      | Reached XP level 3. HP: 14/14 MP: 1/7
  2040 | D:2      | Reached skill level 5 in Hexes
  2330 | D:2      | Found a transporter.
  2331 | D:2      | Noticed a bullfrog
  2332 | D:2      | Found a transporter.
  2336 | D:2      | Noticed a centaur
  2340 | D:2      | Noticed a killer bee
  2368 | D:2      | Found a hazy altar of Hepliaklqana.
  2657 | D:3      | HP: 5/14 [orc priest/divine providence (8)]
  2798 | D:3      | Noticed kalagan's ghost (amateur GrFi)
  2802 | D:3      | Learned a level 3 spell: Confuse
  3022 | D:3      | Slain by kalagan's ghost

Skill      XL: |  1  2  3 |
---------------+----------+-----
Unarmed Combat | 2 |  2.7
Hexes          | 5 |  5.1
Dodging        | |  2.9
Stealth        | |  4.8
Spellcasting   | |  2.0

Action                   || total
-------------------------++-------
Melee: Unarmed           ||   109
       Bite              ||    13
 Cast: Corona            ||     6
       Ensorcelled Hiber ||    14
       Confuse           ||     5
 Stab: Sleeping          ||    16
       Distracted        ||     1
  Eat: Chunk             ||    12
Armor: Skin              ||    10
Dodge: Dodged            ||    88

Vault maps used:
D:1:      saegor_arrival_simple_e, kennysheep_pointless_box,
          minmay_misc_feat_pillars
D:2:      gammafunk_temple_overflow_arena, first_bread
D:3:      fedhas_altar_fruit_tree, uniq_crazy_yiuf_cottage
